 Dungeon Crawl Stone Soup version 0.30-a0-243-gaa749bd8e4 (console) character file.

Game seed: 10549906936605592670

17441 Ignak the Thaumaturge (level 12, -1/91 HPs)
             Began as a Gnoll Hedge Wizard on Oct 12, 2022.
             Was an Elder of Sif Muna.
             Shot with a sling bullet by a minotaur (8 damage)
             ... in a Gauntlet.
             The game lasted 01:02:34 (12600 turns).

Ignak the Thaumaturge (Gnoll Hedge Wizard)         Turns: 12600, Time: 01:02:34

Health: -1/91      AC: 21    Str: 14    XL:     12   Next: 48%
Magic:  15/26      EV: 13    Int: 30    God:    Sif Muna [****..]
Gold:   584        SH: 11    Dex: 12    Spells: 16/32 levels left

rFire   . . .      SeeInvis +    a - +1 dagger (venom)
rCold   . . .      Faith    .    J - +1 kite shield "Ibujun" {+Blink Str+2 Int+5}
rNeg    . . .      Spirit   .    M - +3 troll leather armour
rPois   +          Reflect  .    O - +3 crown of Dyrovepreva {rElec Int+2 SInv}
rElec   +          Harm     .    A - +2 cloak
rCorr   +          Rampage  .    C - +2 pair of gloves {hurl}
Will    .....      NoTele   +    g - +0 pair of boots
Stlth   ++++......               (no amulet)
HPRegen 1.15/turn                c - ring of Joron {rCorr Str+3 Int+4}
MPRegen 0.20/turn                L - ring of poison resistance

@: mighty, brilliant, hasted, very quick
A: fangs 1, strong nose, distributed training, iridescent scales 1
a: Renounce Religion, Evoke Blink, Channel Magic, Forget Spell, Divine Exegesis


You were in a Gauntlet.
You worshipped Sif Muna.
Sif Muna was greatly pleased with you.
You visited 1 branch of the dungeon, and saw 11 of its levels.
You also visited: Ossuary, Bailey and Gauntlet.

You collected 584 gold pieces.

Inventory:

Hand Weapons
 a - a +1 dagger of venom (weapon)
 s - a +5 scimitar
 u - a +2 dagger of holy wrath
 I - a +3 broad axe
Missiles
 x - 52 poisoned darts (quivered)
Armour
 g - a +0 pair of boots (worn)
 A - a +2 cloak (worn)
 B - a +2 robe of positive energy
 C - a +2 pair of gloves of hurling (worn)
 J - the +1 kite shield "Ibujun" (worn) {+Blink Str+2 Int+5}
   (You acquired it in a bailey)

   Str:       It affects your strength (+2).
   Int:       It affects your intelligence (+5).
   +Blink:    It lets you blink.
 M - a +3 troll leather armour (worn)
 O - the +3 crown of Dyrovepreva (worn) {rElec Int+2 SInv}
   (You found it in a Gauntlet)

   Int:       It affects your intelligence (+2).
   rElec:     It insulates you from electricity.
   SInv:      It lets you see invisible.
Jewellery
 c - the ring of Joron (left hand) {rCorr Str+3 Int+4}
   (You found it in a Gauntlet)

   [ring of resist corrosion]

   Str:       It affects your strength (+3).
   Int:       It affects your intelligence (+4).
   rCorr:     It protects you from acid and corrosion.
 j - a ring of willpower
 p - a ring of protection from cold
 r - a ring of fire
 L - a ring of poison resistance (right hand)
Wands
 i - a wand of flame (13)
 z - a wand of paralysis (9)
 F - a wand of roots (6)
Scrolls
 b - 2 scrolls of teleportation
 e - 2 scrolls of butterflies
 h - 2 scrolls of identify
 k - 2 scrolls of blinking
 l - 3 scrolls of amnesia
 m - a scroll of fear
 t - a scroll of immolation
 y - a scroll of torment
 K - 2 scrolls of enchant weapon
 N - a scroll of vulnerability
Potions
 d - 2 potions of magic
 f - a potion of ambrosia
 n - a potion of heal wounds
 o - 4 potions of curing
 w - 3 potions of haste
 D - 4 potions of lignification
 E - 2 potions of brilliance
 G - 3 potions of cancellation
 H - 3 potions of might


   Skills:
 + Level 7.6 Fighting
 + Level 7.6 Short Blades
 + Level 7.6 Long Blades
 + Level 7.6 Axes
 + Level 7.6 Maces & Flails
 + Level 7.6 Polearms
 + Level 7.6 Staves
 + Level 7.6 Ranged Weapons
 + Level 7.6 Throwing
 + Level 7.6 Armour
 + Level 9.0 Dodging
 + Level 8.7 Stealth
 + Level 7.6 Shields
 + Level 7.6 Unarmed Combat
 + Level 10.5 Spellcasting
 + Level 6.7 Conjurations
 + Level 6.3 Hexes
 + Level 6.7 Summonings
 + Level 6.3 Necromancy
 + Level 6.7 Translocations
 + Level 6.3 Transmutations
 + Level 6.3 Fire Magic
 + Level 6.3 Ice Magic
 + Level 6.3 Air Magic
 + Level 6.3 Earth Magic
 + Level 6.3 Poison Magic
 + Level 8.3 Invocations
 + Level 7.6 Evocations


You had 16 spell levels left.
You knew the following spells:

 Your Spells              Type           Power      Damage    Failure   Level
a - Magic Dart            Conj           100%       1d8       1%          1
b - Blink                 Tloc           100%       N/A       1%          2
c - Ensorcelled Hibernat  Hex/Ice        100%       N/A       1%          2
d - Mephitic Cloud        Conj/Pois/Air  69%        N/A       2%          3
e - Call Imp              Summ           71%        N/A       1%          2
f - Fulminant Prism       Conj/Hex       35%        3d18      7%          4
t - Passwall              Tmut/Erth      57%        N/A       1%          2

Your spell library contained the following spells:

 Spells                   Type           Power      Damage    Failure   Level
 Slow                     Hex            100%       N/A       1%          1
 Summon Small Mammal      Summ           100%       N/A       1%          1
 Cigotuvi's Dreadful Rot  Necr/Pois/Air  100%       N/A       1%          2
 Call Canine Familiar     Summ           71%        N/A       1%          3
 Dazzling Flash           Conj/Hex       100%       N/A       2%          3
 Inner Flame              Hex/Fire       69%        N/A       2%          3
 Summon Guardian Golem    Hex/Summ       70%        N/A       2%          3
 Swiftness                Air            69%        N/A       2%          3
 Animate Armour           Summ/Erth      100%       N/A       7%          4
 Cause Fear               Hex            34%        N/A       8%          4
 Agony                    Necr           69%        N/A       22%         5
 Blade Hands              Tmut           34%        N/A       22%         5
 Silence                  Hex/Air        34%        N/A       22%         5
 Iron Shot                Conj/Erth      35%        9d7       73%         6
 Discord                  Hex            34%        N/A       100%        8


Dungeon Overview and Level Annotations

Branches:
Dungeon (11/15)            Temple (0/1) D:6            Lair (0/5) D:11
Ossuary (visited)          Bailey (visited)         Gauntlet (1/1)
    Orc: D:9-12

Altars:
Qazlal
Sif Muna

Portals:
Abyss: D:4

Annotations:
D:4 2 transporters, Zarkath's ghost, amateur DEFE Gauntlet 12 transporters, 9 runed translucent doors


Innate Abilities, Weirdness & Mutations

You have very sharp teeth.
Your uncanny sense of smell can sniff out nearby items.
Your experience applies equally to all skills.
You are partially covered in iridescent scales. (AC +2)


Message History

The minotaur appears confused.
Aiming: Paralyse
Press: ? - help, Shift-Dir - straight line, f/p - minotaur
Aim: a minotaur, wielding a staff of fire, wearing a +4 chain mail of fire resistance and quivering javelins (lightly wounded, confused, extremely poisoned, ally target, chance to affect: 8%)
Okay, then.
Aiming: Throw Flame
Press: ? - help, Shift-Dir - straight line, f/p - minotaur
Aim: a minotaur, wielding a staff of fire, wearing a +4 chain mail of fire resistance and quivering javelins (lightly wounded, confused, extremely poisoned, ally target, 98% to hit)
The puff of flame hits the minotaur but does no damage.
The minotaur is lightly wounded.
Casting: Mephitic Cloud (mildly dangerous; 2% risk of failure)
Confirm with . or Enter, or press ? or * to list all spells.
Aiming: Mephitic Cloud (mildly dangerous; 2% risk of failure)
Press: ? - help, Shift-Dir - straight line, f/p - minotaur
Aim: a minotaur, wielding a staff of fire, wearing a +4 chain mail of fire resistance and quivering javelins (moderately wounded, confused, extremely poisoned, ally target, chance to affect: 34%)
The ball explodes into a vile cloud!
The stinking cloud engulfs your crimson imp but does no damage.
The stinking cloud engulfs the minotaur but does no damage.
The minotaur is moderately wounded.
The minotaur is engulfed in noxious fumes.
You feel clever all of a sudden.
You swap places.
You feel very mighty all of a sudden.
The minotaur seems less confused.
The minotaur wields a +0 sling of freezing.
It is covered in frost.
The minotaur shoots a sling bullet.
The sling bullet hits you!!
* * * LOW HITPOINT WARNING * * *
The sling bullet freezes you!
* * * LOW HITPOINT WARNING * * *
You swap places.
You feel much better.
As you read the scroll of summoning, it crumbles to dust.
Wisps of shadow whirl around you...
The minotaur shoots a sling bullet.
The sling bullet misses your crimson imp.
The sling bullet hits you!
* * * LOW HITPOINT WARNING * * *
The sling bullet freezes you!
You die...

##.#..#+++#..#.#.#.#...#.#.#.##..
##.#.........#.#.#..X###.#.#.#...
.#.#....©....#.#xx)"©.!..#.#2.)=©
##.###########.###########.######
.................................
.............≈∩≈.................
#################################
# #8##≈...........Z...≈##8# #8# #
# ####8.§©.©.©.D@©.©..8#### ### #
#≈.§.............≈#
###.##.##5##W##.###
#.##.##H##.##.# . ....H. .. #
.##.##.##.# #. #. .# .# . . .. ..
.# #.


You could see a minotaur (very poisoned, ally target), a thrashing horror
(wandering), 2 small abominations, a friendly acid dragon (summoned), a friendly
shadow (summoned, wandering), a friendly crimson imp (summoned) and a friendly
cane toad simulacrum (summoned, wandering).

Vanquished Creatures
  An orc warlord (Bailey)
  An entropy weaver (Gauntlet)
  Erica (D:10)
  4 two-headed ogres
  A centaur warrior (D:10)
  Sonja (D:10)
  A slime creature (Gauntlet)
  Pikel (D:7)
  A wolf spider (Gauntlet)
  A manticore (D:11)
  A gargoyle (D:10)
  2 unseen horrors (D:10)
  A kobold demonologist (D:11)
  A troll (D:9)
  Sigmund (D:3)
  A wraith (D:10)
  2 wyverns
  14 yaks
  A basilisk (D:11)
  A steam dragon (D:6)
  A redback (Gauntlet)
  Menkaure (D:7)
  2 acid dragons (D:9)
  2 sky beasts
  6 water moccasins
  An ice beast (D:7)
  3 black bears
  6 ogres
  3 orc warriors
  8 centaurs
  2 phantoms
  A lemure (D:7)
  4 kobold brigands
  3 bullfrogs
  Blork the orc (D:6)
  3 scorpions
  3 water moccasin zombies (Ossuary)
  11 wights
  6 killer bees (D:10)
  3 electric eels
  A howler monkey (D:8)
  3 hounds
  5 jellies
  Crazy Yiuf (D:7)
  Ijyb (D:4)
  2 iguanas
  3 orc priests
  3 orc wizards
  Natasha (twice) (D:3)
  2 mummies (Ossuary)
  7 gnolls (Bailey)
  6 adders
  3 white imps
  7 adder zombies (Ossuary)
  A worm (D:3)
  2 dart slugs
  23 orcs
  2 bats
  3 endoplasms
  2 giant cockroaches
  7 goblins
  10 hobgoblins
  2 jackals (D:3)
  34 kobolds
  2 quokkas
  4 ball pythons
  6 frilled lizards
  2 gnoll zombies (Ossuary)
  6 hobgoblin zombies (Ossuary)
  2 kobold zombies (Ossuary)
  5 orc zombies (Ossuary)
  A rat (D:2)
  2 fulminant prisms (Gauntlet)
270 creatures vanquished.

Vanquished Creatures (collateral kills)
  A gnoll (Bailey)
  An adder (D:2)
  A shadow imp (D:5)
  An ufetubus (D:5)
  A dart slug (D:2)
  4 orcs
  An endoplasm (D:2)
  A hobgoblin (D:2)
  2 jackals (D:3)
  A ball python (D:2)
  8 frilled lizards (D:2)
  2 kobolds (D:9)
  A rat (D:2)
25 creatures vanquished.

Vanquished Creatures (others)
  32 fulminant prisms
  A fungus (D:11)
  11 plants
44 creatures vanquished.

Grand Total: 339 creatures vanquished

Notes
Turn   | Place    | Note
-------+----------+-------------------------------------------
     0 | D:1      | Ignak the Gnoll Hedge Wizard began the quest for the Orb.
     0 | D:1      | Reached XP level 1. HP: 13/13 MP: 8/8
   368 | D:1      | Reached XP level 2. HP: 19/19 MP: 10/10
   371 | D:1      | Learned a level 2 spell: Blink
   380 | D:1      | Learned a level 2 spell: Call Imp
   757 | D:2      | Reached XP level 3. HP: 22/25 MP: 6/11
   772 | D:2      | Reached skill level 1 in Invocations
   934 | D:2      | Reached skill level 1 in Fighting
   934 | D:2      | Reached skill level 1 in Short Blades
   934 | D:2      | Reached skill level 1 in Long Blades
   934 | D:2      | Reached skill level 1 in Axes
   934 | D:2      | Reached skill level 1 in Maces & Flails
   934 | D:2      | Reached skill level 1 in Polearms
   934 | D:2      | Reached skill level 1 in Staves
   934 | D:2      | Reached skill level 1 in Ranged Weapons
   934 | D:2      | Reached skill level 1 in Throwing
   934 | D:2      | Reached skill level 1 in Armour
   934 | D:2      | Reached skill level 1 in Shields
   934 | D:2      | Reached skill level 1 in Unarmed Combat
   934 | D:2      | Reached skill level 1 in Evocations
  1164 | D:2      | Learned a level 2 spell: Ensorcelled Hibernation
  1167 | D:2      | Learned a level 2 spell: Passwall
  1171 | D:2      | Learned a level 3 spell: Mephitic Cloud
  1238 | D:3      | Reached XP level 4. HP: 32/32 MP: 13/13
  1505 | D:3      | Noticed Natasha
  1534 | D:3      | Killed Natasha
  1535 | D:3      | Reached skill level 1 in Hexes
  1535 | D:3      | Reached skill level 1 in Necromancy
  1535 | D:3      | Reached skill level 1 in Transmutations
  1535 | D:3      | Reached skill level 1 in Fire Magic
  1535 | D:3      | Reached skill level 1 in Ice Magic
  1535 | D:3      | Reached skill level 1 in Air Magic
  1535 | D:3      | Reached skill level 1 in Earth Magic
  1535 | D:3      | Reached skill level 1 in Poison Magic
  1769 | D:3      | Reached XP level 5. HP: 27/37 MP: 11/14
  1770 | D:4      | Noticed an ogre
  2051 | D:3      | Noticed Sigmund
  2115 | D:3      | Killed Sigmund
  2116 | D:3      | Reached skill level 5 in Dodging
  2116 | D:3      | Reached XP level 6. HP: 32/44 MP: 3/16
  2478 | D:3      | Noticed Natasha
  2485 | D:3      | Killed Natasha
  2661 | D:4      | Reached XP level 7. HP: 32/51 MP: 7/18
  2879 | D:4      | Noticed Ijyb
  2900 | D:4      | Killed Ijyb
  2996 | D:4      | Found a one-way gate to the infinite horrors of the Abyss.
  2996 | D:4      | Noticed Zarkath's ghost (amateur DEFE)
  3011 | D:4      | Found a transporter.
  3130 | D:4      | Found a transporter.
  3281 | D:5      | Entered Level 5 of the Dungeon
  3389 | D:5      | Reached skill level 5 in Stealth
  3653 | D:5      | Found a shimmering blue altar of Sif Muna.
  3673 | D:5      | Reached XP level 8. HP: 42/58 MP: 19/19
  3703 | D:5      | Became a worshipper of Sif Muna the Loreminder
  4316 | D:5      | HP: 1/58 [ogre/+0 giant club (22)]
  4318 | D:5      | Reached skill level 8 in Spellcasting
  4589 | D:6      | Noticed Blork the orc
  4593 | D:6      | Killed Blork the orc
  4865 | D:6      | Reached XP level 9. HP: 55/65 MP: 16/21
  5055 | D:6      | Reached * piety under Sif Muna
  5439 | D:6      | Found a staircase to the Ecumenical Temple.
  5547 | D:7      | Reached skill level 5 in Invocations
  5596 | D:7      | Noticed Menkaure
  5604 | D:7      | Killed Menkaure
  5775 | D:7      | Found a stormy altar of Qazlal.
  6175 | D:7      | Reached skill level 5 in Fighting
  6175 | D:7      | Reached skill level 5 in Short Blades
  6175 | D:7      | Reached skill level 5 in Long Blades
  6175 | D:7      | Reached skill level 5 in Axes
  6175 | D:7      | Reached skill level 5 in Maces & Flails
  6175 | D:7      | Reached skill level 5 in Polearms
  6175 | D:7      | Reached skill level 5 in Staves
  6175 | D:7      | Reached skill level 5 in Ranged Weapons
  6175 | D:7      | Reached skill level 5 in Throwing
  6175 | D:7      | Reached skill level 5 in Armour
  6175 | D:7      | Reached skill level 5 in Shields
  6175 | D:7      | Reached skill level 5 in Unarmed Combat
  6175 | D:7      | Reached skill level 5 in Evocations
  6175 | D:7      | Reached XP level 10. HP: 74/74 MP: 22/22
  6393 | D:7      | Found a runed translucent door.
  6394 | D:7      | Noticed Crazy Yiuf
  6402 | D:7      | Killed Crazy Yiuf
  6685 | D:7      | Noticed Pikel
  6701 | D:7      | Killed Pikel
  6702 | D:7      | Reached skill level 9 in Spellcasting
  7043 | D:8      | Got the Precepts of Enchantment
  7049 | D:8      | Learned a level 4 spell: Fulminant Prism
  7136 | D:8      | Reached skill level 5 in Conjurations
  7136 | D:8      | Reached skill level 5 in Summonings
  7136 | D:8      | Reached skill level 5 in Translocations
  7199 | D:8      | Found a sand-covered staircase.
  7208 | Ossuary  | Entered an ossuary
  7279 | Ossuary  | Reached ** piety under Sif Muna
  7520 | D:8      | Gained mutation: You sometimes lose your temper in combat.
                  | [potion of mutation]
  8445 | D:9      | Found a flagged portal.
  8455 | Bailey   | Entered a bailey
  8504 | Bailey   | Noticed an orc warlord
  8674 | Bailey   | Found a runed translucent gate.
  8676 | Bailey   | Found a runed translucent gate.
  8677 | Bailey   | Found a runed translucent gate.
  8841 | Bailey   | Reached *** piety under Sif Muna
  8940 | Bailey   | Killed an orc warlord
  8941 | Bailey   | Reached skill level 5 in Hexes
  8941 | Bailey   | Reached skill level 5 in Necromancy
  8941 | Bailey   | Reached skill level 5 in Transmutations
  8941 | Bailey   | Reached skill level 5 in Fire Magic
  8941 | Bailey   | Reached skill level 5 in Ice Magic
  8941 | Bailey   | Reached skill level 5 in Air Magic
  8941 | Bailey   | Reached skill level 5 in Earth Magic
  8941 | Bailey   | Reached skill level 5 in Poison Magic
  8941 | Bailey   | Reached XP level 11. HP: 73/81 MP: 10/24
  8978 | Bailey   | Acquired the +1 kite shield "Ibujun" {+Blink Str+2 Int+5}
  9882 | D:10     | Entered Level 10 of the Dungeon
 10362 | D:10     | Noticed Erica
 10596 | D:10     | Noticed a two-headed ogre
 10606 | D:10     | Killed a two-headed ogre
 10691 | D:10     | Noticed a two-headed ogre
 10700 | D:10     | Reached **** piety under Sif Muna
 10711 | D:10     | Killed a two-headed ogre
 10827 | D:10     | Noticed a centaur warrior
 10829 | D:10     | Killed a centaur warrior
 10830 | D:10     | Reached skill level 10 in Spellcasting
 10948 | D:10     | Noticed Sonja
 10958 | D:10     | Killed Sonja
 10973 | D:10     | Lost mutation: You sometimes lose your temper in combat.
                  | [potion of mutation]
 10973 | D:10     | Gained mutation: You are partially covered in iridescent
                  | scales. (AC +2) [potion of mutation]
 11019 | D:10     | Noticed a two-headed ogre
 11027 | D:10     | Killed a two-headed ogre
 11201 | D:10     | Killed Erica
 11202 | D:10     | Reached XP level 12. HP: 73/91 MP: 12/26
 11380 | D:11     | Noticed a two-headed ogre
 11390 | D:11     | Noticed a sun demon
 11396 | D:11     | Killed a two-headed ogre
 11677 | D:11     | Found a staircase to the Lair.
 11693 | D:11     | Found a gate leading to a gauntlet.
 11700 | Gauntlet | Entered a Gauntlet
 11700 | Gauntlet | Found a transporter.
 11706 | Gauntlet | Noticed a soul eater
 11716 | Gauntlet | Found a transporter.
 11730 | Gauntlet | Found a transporter.
 11732 | Gauntlet | Noticed a green death
 11737 | Gauntlet | Found a transporter.
 11774 | Gauntlet | Found a transporter.
 11776 | Gauntlet | Found a transporter.
 11778 | Gauntlet | Found a transporter.
 11807 | Gauntlet | Found a transporter.
 11807 | Gauntlet | Found the +3 crown of Dyrovepreva {rElec Int+2 SInv}
 11814 | Gauntlet | Found a transporter.
 11839 | Gauntlet | Found a transporter.
 11884 | Gauntlet | Found a transporter.
 11888 | Gauntlet | Noticed a catoblepas
 11899 | Gauntlet | Found a transporter.
 11918 | Gauntlet | Found a transporter.
 11934 | Gauntlet | Found a large runed translucent door.
 11935 | Gauntlet | Found a large runed translucent door.
 11936 | Gauntlet | Found a large runed translucent door.
 11936 | Gauntlet | Found a large runed translucent door.
 11937 | Gauntlet | Found a runed translucent gate.
 11938 | Gauntlet | Found a transporter.
 11938 | Gauntlet | Found a runed translucent gate.
 11939 | Gauntlet | Found a runed translucent gate.
 11940 | Gauntlet | Found a large runed translucent door.
 11940 | Gauntlet | Found a large runed translucent door.
 11940 | Gauntlet | Noticed an entropy weaver
 11941 | Gauntlet | Found a large runed translucent door.
 11942 | Gauntlet | Found a large runed translucent door.
 11952 | Gauntlet | Found a transporter.
 11952 | Gauntlet | Noticed a thrashing horror
 11952 | Gauntlet | Noticed a thrashing horror
 11964 | Gauntlet | Found a transporter.
 11973 | Gauntlet | Found a transporter.
 12031 | Gauntlet | Found a large runed translucent door.
 12031 | Gauntlet | Found a large runed translucent door.
 12031 | Gauntlet | Found a runed translucent door.
 12031 | Gauntlet | Found a runed translucent door.
 12032 | Gauntlet | Found a large runed translucent door.
 12033 | Gauntlet | Found a large runed translucent door.
 12035 | Gauntlet | Found a transporter.
 12059 | Gauntlet | Found a large runed translucent door.
 12059 | Gauntlet | Found a large runed translucent door.
 12060 | Gauntlet | Found a large runed translucent door.
 12061 | Gauntlet | Found a large runed translucent door.
 12420 | Gauntlet | Killed an entropy weaver
 12548 | Gauntlet | Identified the ring of Joron {rCorr Str+3 Int+4}
 12572 | Gauntlet | Noticed a minotaur
 12600 | Gauntlet | Shot with a sling bullet by a minotaur

Illustrated notes

Levels and vault maps discovered:
D:1:      minmay_arrival_radiant_lines, layout_basic
D:2:      layout_rooms, grunt_ministairs_10, chequers_serial_rivers_micro_b,
          minmay_lizard_king
D:3:      layout_loops_ring, uniq_natasha, uniq_sigmund
D:4:      layout_gridville, gammafunk_ghost_abyssal_escape, uniq_ijyb
D:5:      layout_basic, lemuel_round_altar
D:6:      layout_rooms, minmay_temple_entry_from_below_a,
          minmay_increasing_density, uniq_blork_the_orc
D:7:      layout_loops_ring, mainiacjoe_overflow_tiny_flanked,
          uniq_crazy_yiuf_cottage, uniq_pikel, uniq_menkaure
D:8:      layout_cave_pods, serial_park, serial_park_tiny_2,
          serial_park_avenue1, serial_park_tiny_pond, serial_park_gazebo
          [serial_park_minivault_5x5_5], serial_park_square1
          [serial_park_minivault_5x5_6], lightli_ossuary_entry_decrepit_ruins,
          palyth_stone_intersect
D:9:      layout_gridville, enter_bailey_3, kennysheep_big_empty_room
D:10:     layout_roguey, kennysheep_generic_room_2, uniq_sonja, uniq_erica
D:11:     layout_roguey, minmay_lair_entry_grove, gauntlet_entry_generic,
          minivault_10
Gauntlet: gammafunk_gauntlet_one_two_three [gammafunk_gauntlet_arena_open,
          gammafunk_gauntlet_arena_teeth, nicolae_gauntlet_arena_quarters,
          gammafunk_gauntlet_arena_spirals, gammafunk_gauntlet_arena_split_x,
          nicolae_gauntlet_arena_grate_2,
          minmay_gauntlet_arena_make_your_own_arena,
          gammafunk_gauntlet_arena_crates, gammafunk_gauntlet_arena_corners,
          gauntlet_exit_green]

Skill      XL: |  1  2  3  4  5  6  7  8  9 10 11 12 |
---------------+-------------------------------------+-----
Conjurations   | 2 3 4 5 6 |  6.7
Summonings     | 2 3 4 5 6 |  6.7
Translocations | 2 3 4 5 6 |  6.7
Invocations    | 1 2 3 4 5 6 7 8 |  8.3
Fighting       | 1 2 3 4 5 6 7 |  7.6
Short Blades   | 1 2 3 4 5 6 7 |  7.6
Long Blades    | 1 2 3 4 5 6 7 |  7.6
Axes           | 1 2 3 4 5 6 7 |  7.6
Maces & Flails | 1 2 3 4 5 6 7 |  7.6
Polearms       | 1 2 3 4 5 6 7 |  7.6
Staves         | 1 2 3 4 5 6 7 |  7.6
Ranged Weapons | 1 2 3 4 5 6 7 |  7.6
Throwing       | 1 2 3 4 5 6 7 |  7.6
Armour         | 1 2 3 4 5 6 7 |  7.6
Shields        | 1 2 3 4 5 6 7 |  7.6
Unarmed Combat | 1 2 3 4 5 6 7 |  7.6
Evocations     | 1 2 3 4 5 6 7 |  7.6
Hexes          | 1 2 3 4 5 6 |  6.3
Necromancy     | 1 2 3 4 5 6 |  6.3
Transmutations | 1 2 3 4 5 6 |  6.3
Fire Magic     | 1 2 3 4 5 6 |  6.3
Ice Magic      | 1 2 3 4 5 6 |  6.3
Air Magic      | 1 2 3 4 5 6 |  6.3
Earth Magic    | 1 2 3 4 5 6 |  6.3
Poison Magic   | 1 2 3 4 5 6 |  6.3
Dodging        | 5 6 7 8 9 |  9.0
Stealth        | 5 6 7 8 |  8.7
Spellcasting   | 8 9 10 | 10.5

Action                   |  1- 3 |  4- 6 |  7- 9 | 10-12 || total
-------------------------+-------+-------+-------+-------++-------
Melee: Whip              |    40 |       |    10 |       ||    50
       Bite              |     3 |    10 |    23 |    70 ||   106
       Short sword       |     1 |       |       |       ||     1
       Dagger            |    22 |    77 |   190 |   507 ||   796
       Punch             |       |     2 |     4 |    17 ||    23
Throw: Dart              |       |     3 |       |     4 ||     7
 Cast: Magic Dart        |     3 |     1 |       |       ||     4
       Call Imp          |    10 |    13 |    14 |     9 ||    46
       Ensorcelled Hiber |       |    13 |    20 |    79 ||   112
       Mephitic Cloud    |       |     4 |     8 |    30 ||    42
       Blink             |       |     2 |     3 |    16 ||    21
       Fulminant Prism   |       |       |       |    34 ||    34
Evoke: Wand              |       |     1 |    17 |    24 ||    42
  Use: Potion            |       |     1 |     8 |     6 ||    15
       Scroll            |       |       |     8 |    19 ||    27
 Stab: Sleeping          |     4 |     9 |    22 |    44 ||    79
       Distracted        |     1 |       |       |       ||     1
       Confused          |       |     1 |     1 |     8 ||    10
       Invisible         |       |       |     1 |       ||     1
       Paralysed         |       |       |       |     7 ||     7
Armor: Robe              |     9 |    11 |    45 |    53 ||   118
       Troll leather arm |       |       |       |    96 ||    96
Dodge: Dodged            |    48 |    58 |   129 |   211 ||   446
Block: Kite shield       |       |       |       |   110 ||   110

Table legend: (Time is in decaauts)
 A = Elapsed time spent in this place.
 B = Non-inter-level travel time spent in this place.
 C = Inter-level travel time spent in this place.
 D = Time resting spent in this place.
 E = Time spent auto-exploring this place.
 F = Levels seen in this place.
 G = Mean time per level.
                   A        B        C        D        E       F      G
               +--------+--------+--------+--------+--------+-----+--------+
         Total |  12544 |  12298 |    246 |   2363 |   5213 |  14 |  896.0 |
       Dungeon |  10889 |  10643 |    246 |   2146 |   5041 |  11 |  989.9 |
       Ossuary |    198 |    198 |      0 |      0 |      0 |   1 |  198.0 |
        Bailey |    567 |    567 |      0 |     96 |    171 |   1 |  567.0 |
      Gauntlet |    888 |    888 |      0 |    121 |      1 |   1 |  888.0 |
               +--------+--------+--------+--------+--------+-----+--------+

Top non-repeatable levels by time:
    D:10: 1580 daAuts
     D:7: 1463 daAuts
     D:3: 1347 daAuts
     D:5: 1297 daAuts
     D:8: 1065 daAuts
     D:9: 1064 daAuts
Gauntlet: 888 daAuts
     D:6: 876 daAuts
     D:4: 713 daAuts
     D:2: 664 daAuts
  Bailey: 567 daAuts
     D:1: 564 daAuts
    D:11: 253 daAuts
 Ossuary: 198 daAuts
